 Dungeon Crawl Stone Soup version 0.30-a0-474-g5673dd7ce6 (webtiles) character file.

Game seed: 14939297379387324844

30 Darkzero23 the Trooper (level 3, 33/33 HPs)
             Began as a Hill Orc Fighter on Dec 20, 2022.
             Quit the game on level 2 of the Dungeon.
             The game lasted 00:10:04 (758 turns).

Darkzero23 the Trooper (Hill Orc Fighter)            Turns: 758, Time: 00:10:04

Health: 33/33      AC:  8    Str: 20    XL:     3   Next: 18%
Magic:  3/3        EV:  9    Int:  8    God:
Gold:   63         SH:  4    Dex: 10    Spells: 2/2 levels left

rFire   . . .      SeeInvis .    a - +0 war axe
rCold   . . .      Faith    .    c - +0 buckler
rNeg    . . .      Spirit   .    b - +0 scale mail
rPois   .          Reflect  .    (no helmet)
rElec   .          Harm     .    (no cloak)
rCorr   .          Rampage  .    f - +0 pair of gloves
Will    .....                    (no boots)
Stlth   ..........               (no amulet)
HPRegen 0.25/turn                (no ring)
MPRegen 0.08/turn                (no ring)

@: no status effects
A: no striking features
a: no special abilities


You were on level 2 of the Dungeon.
You visited 1 branch of the dungeon, and saw 2 of its levels.

You collected 63 gold pieces.

Inventory:

Hand Weapons
 a - a +0 war axe (weapon)
 i - a +0 short sword
 u - a +0 battleaxe
Missiles
 e - 12 stones (quivered)
 q - 3 javelins
Armour
 b - a +0 scale mail (worn)
 c - a +0 buckler (worn)
 f - a +0 pair of gloves (worn)
 k - a +0 ring mail
 l - a +0 robe
 n - a +0 leather armour
 t - a +0 leather armour
 v - a +0 robe
 w - a +0 ring mail
Scrolls
 j - a scroll of blinking {unknown}
 s - a scroll of identify {unknown}
Potions
 d - a potion of might
 g - a potion of heal wounds {unknown}
 h - 2 potions of invisibility {unknown}
 m - 2 potions of berserk rage {unknown}
 o - a potion of haste {unknown}
 p - 2 potions of brilliance {unknown}
 r - a potion of curing {unknown}


   Skills:
 + Level 4.0 Fighting
 + Level 3.4 Axes
 + Level 3.7 Armour
 + Level 3.5 Shields


You had 2 spell levels left.
You didn't know any spells.
Your spell library was empty.

Dungeon Overview and Level Annotations

Branches:
Dungeon (2/15)

Altars:


Message History

Uppercase letters only, please.
Uppercase letters only, please.
Uppercase letters only, please.
Uppercase letters only, please.
Uppercase letters only, please.
Uppercase letters only, please.
Uppercase letters only, please.
Welcome back, Darkzero23 the Hill Orc Fighter.
Press ? for a list of commands and other information.
You have reached level 3!
Your experience leads to an increase in your attributes!
Increase (S)trength, (I)ntelligence, or (D)exterity?
Welcome back, Darkzero23 the Hill Orc Fighter.
Press ? for a list of commands and other information.
You have reached level 3!
Your experience leads to an increase in your attributes!
Increase (S)trength, (I)ntelligence, or (D)exterity?
Uppercase letters only, please.
Uppercase letters only, please.
Welcome back, Darkzero23 the Hill Orc Fighter.
Press ? for a list of commands and other information.
You have reached level 3!
Your experience leads to an increase in your attributes!
Increase (S)trength, (I)ntelligence, or (D)exterity?
Welcome back, Darkzero23 the Hill Orc Fighter.
Press ? for a list of commands and other information.
You have reached level 3!
Your experience leads to an increase in your attributes!
Increase (S)trength, (I)ntelligence, or (D)exterity?
Uppercase letters only, please.
Uppercase letters only, please.
Uppercase letters only, please.
You feel stronger. x2
A frilled lizard comes into view.
The frilled lizard hisses angrily.
Save game and exit?
Okay, then.
Welcome back, Darkzero23 the Hill Orc Fighter.
Press ? for a list of commands and other information.
Are you sure you want to abandon this character and quit the game? (Confirm with "yes".)

#.# ##.## #
#..######...###...
#.....<.l.......#
#...#####...###..
#. ##.## #.#.###
..###..# ### #.#@#
..##.# ### #.# #.#
# #.# ##.##.#.#
.......$#
##.##.### ...


You could see a frilled lizard.

Vanquished Creatures
  An adder (D:2)
  A dart slug (D:1)
  An endoplasm (D:1)
  A giant cockroach (D:1)
  3 hobgoblins (D:1)
  A kobold (D:1)
  A quokka (D:1)
  3 ball pythons (D:1)
  2 bats (D:1)
  2 frilled lizards (D:1)
  3 rats (D:1)
19 creatures vanquished.

Notes
Turn   | Place    | Note
-------+----------+-------------------------------------------
     0 | D:1      | Darkzero23 the Hill Orc Fighter began the quest for the
                  | Orb.
     0 | D:1      | Reached XP level 1. HP: 19/19 MP: 1/1
   142 | D:1      | Reached XP level 2. HP: 27/27 MP: 2/2
   683 | D:1      | Found a faded altar of an unknown god.
   752 | D:2      | Reached skill level 4 in Fighting
   752 | D:2      | Reached XP level 3. HP: 33/33 MP: 3/3
   758 | D:2      | Quit the game

Illustrated notes

Levels and vault maps discovered:
D:1:      ncdulo_watergridlock, layout_basic,
          shapermc_ecumenical_altar_mp_vishouse
D:2:      minmay_recursive_quarters, layout_loops_ring, uniq_sigmund

Skill      XL: |  1  2 |
---------------+-------+-----
Axes           | 3 |  3.4
Fighting       | 4 |  4.0
Armour         | |  3.7
Shields        | |  3.5

Action                   || total
-------------------------++-------
Melee: War axe           ||    52
Armor: Scale mail        ||    28
Dodge: Dodged            ||    21
Block: Buckler           ||    15

Table legend: (Time is in decaauts)
 A = Elapsed time spent in this place.
 B = Non-inter-level travel time spent in this place.
 C = Inter-level travel time spent in this place.
 D = Time resting spent in this place.
 E = Time spent auto-exploring this place.
 F = Levels seen in this place.
 G = Mean time per level.
                   A        B        C        D        E       F      G
               +--------+--------+--------+--------+--------+-----+--------+
         Total |    779 |    552 |    227 |     73 |    266 |   2 |  389.5 |
       Dungeon |    779 |    552 |    227 |     73 |    266 |   2 |  389.5 |
               +--------+--------+--------+--------+--------+-----+--------+

Top non-repeatable levels by time:
     D:1: 751 daAuts
     D:2: 28 daAuts
